 Dungeon Crawl Stone Soup version 0.28-a0-1415-g7c84da036a (webtiles) character file.

Game seed: 1053575738595811965

80 SensoryNuts the Skirmisher (level 4, -1/35 HPs)
             Began as a Demonspawn Fighter on Jan 8, 2022.
             Slain by Grinder (6 damage)
             ... on level 3 of the Dungeon.
             The game lasted 00:02:10 (2839 turns).

SensoryNuts the Skirmisher (Demonspawn Fighter)     Turns: 2839, Time: 00:02:10

Health: -1/35      AC:  6    Str: 18    XL:     4   Next: 18%
Magic:  4/4        EV:  9    Int: 10    God:
Gold:   48         SH:  4    Dex: 12    Spells: 3/3 levels left

rFire   . . .      SeeInvis .   a - +1 long sword
rCold   . . .      Faith    .   c - +0 buckler
rNeg    . . .      Spirit   .   b - +0 scale mail
rPois   .          Reflect  .   (no helmet)
rElec   .          Harm     .   (no cloak)
rCorr   .          Rampage  .   (no gloves)
Will    .....                   (no boots)
Stlth   ..........              (no amulet)
HPRegen 0.11/turn               (no ring)
MPRegen 0.18/turn               (no ring)

@: mighty
A: magic regeneration, demonic magic 1, weakness stinger 1, fangs 1
a: no special abilities


You were on level 3 of the Dungeon.
You visited 1 branch of the dungeon, and saw 3 of its levels.

You collected 48 gold pieces.

Inventory:

Hand Weapons
 a - a +1 long sword (weapon)
Armour
 b - a +0 scale mail (worn)
 c - a +0 buckler (worn)
Jewellery
 m - a +4 ring of slaying
 o - a +4 ring of evasion
Scrolls
 e - a scroll of enchant weapon
 f - a scroll of teleportation
 k - 3 scrolls of summoning
Potions
 d - a potion of might
 g - a potion of berserk rage {unknown}


   Skills:
 + Level 3.5 Fighting
 + Level 2.1 Long Blades
 + Level 3.4 Armour
 + Level 0.4 Dodging
 + Level 3.2 Shields


You had 3 spell levels left.
You didn't know any spells.
Your spell library contained the following spells:

 Spells                   Type           Power      Damage    Failure   Level
 Sandblast                Erth           0%         2d4       83%         1
 Passwall                 Tmut/Erth      0%         N/A       93%         2
 Stone Arrow              Conj/Erth      0%         3d7       99%         3


Dungeon Overview and Level Annotations

Branches:
Dungeon (3/15)

Altars:
Wu Jian

Annotations:
D:3 Grinder


Innate Abilities, Weirdness & Mutations

You regenerate magic rapidly.
Spells you cast may paralyse adjacent enemies.
You have a small tail.
You have very sharp teeth.


Message History

Grinder gestures at you. Pain shoots through your body!
Grinder gestures at you. Pain shoots through your body!
You are too injured to fight recklessly!
You are too injured to fight recklessly!
You are too injured to fight recklessly!
You are too injured to fight recklessly!
You are too injured to fight recklessly!
You are too injured to fight recklessly!
You are too injured to fight recklessly!
You are too injured to fight recklessly!
You are too injured to fight recklessly!
You are too injured to fight recklessly!
You are too injured to fight recklessly!
You are too injured to fight recklessly!
You are too injured to fight recklessly!
You are too injured to fight recklessly!
You are too injured to fight recklessly!
You are too injured to fight recklessly!
You are too injured to fight recklessly!
You are too injured to fight recklessly!
You are too injured to fight recklessly!
You are too injured to fight recklessly!
You are too injured to fight recklessly!
You are too injured to fight recklessly!
You are too injured to fight recklessly!
You are too injured to fight recklessly!
You are too injured to fight recklessly!
You are too injured to fight recklessly!
You feel very mighty all of a sudden.
Grinder blinks!
Grinder hits you.
* * * LOW HITPOINT WARNING * * *
You writhe in agony.
* * * LOW HITPOINT WARNING * * *
You closely miss Grinder.
Grinder is lightly wounded.
Grinder hits you.
You die...

######### ###
####.......# #..
..........#
#########.#####........#
#..>...##.#..†5@.......#
#......##.#.###........#
##.......#.#.# #........#
...........#.###........#
.................###.####
#.......########## .#
#..####.# . #.......# .#
#.#####'##


You could see Grinder.

Vanquished Creatures
  An orc wizard (D:3)
  An adder (D:3)
  2 dart slugs
  4 orcs (D:3)
  2 bats
  2 endoplasms (D:2)
  2 giant cockroaches (D:1)
  4 goblins (D:2)
  3 hobgoblins
  3 jackals (D:1)
  2 quokkas (D:2)
  4 ball pythons (D:2)
  3 frilled lizards (D:1)
  2 kobolds
  2 rats (D:3)
37 creatures vanquished.

Notes
Turn   | Place    | Note
-------+----------+-------------------------------------------
     0 | D:1      | SensoryNuts the Demonspawn Fighter began the quest for the
                  | Orb.
     0 | D:1      | Reached XP level 1. HP: 18/18 MP: 1/1
   702 | D:1      | Found a faded altar of an unknown god.
   706 | D:1      | Gained mutation: You regenerate magic rapidly. [demonic
                  | ancestry]
   706 | D:1      | Reached XP level 2. HP: 24/24 MP: 2/2
  1202 | D:2      | Found an ornate altar of the Wu Jian Council.
  1878 | D:2      | Gained mutation: You have a small tail. [demonic ancestry]
  1878 | D:2      | Reached XP level 3. HP: 28/29 MP: 3/3
  2346 | D:2      | Gained mutation: You have very sharp teeth. [potion of
                  | mutation]
  2524 | D:3      | Gained mutation: Spells you cast may paralyse adjacent
                  | enemies. [demonic ancestry]
  2524 | D:3      | Reached XP level 4. HP: 30/35 MP: 4/4
  2829 | D:3      | Noticed Grinder
  2839 | D:3      | Slain by Grinder

Illustrated notes

Levels and vault maps discovered:
D:1:      heliophobic_arrival_battle_scene, layout_basic,
          shapermc_ecumenical_altar_gd
D:2:      layout_basic, basic_altar, chequers_jeans, minmay_tetromino_o2
D:3:      layout_loops_corners, serial_shops, nicolae_shop_behind_doors,
          kennysheep_generic_room_16, uniq_grinder

Skill      XL: |  1  2  3 |
---------------+----------+-----
Shields        | 3 |  3.2
Armour         | 3 |  3.4
Long Blades    | 2 |  2.1
Fighting       | |  3.5
Dodging        | |  0.4

Action                   |  1- 3 |  4- 6 || total
-------------------------+-------+-------++-------
Melee: Long sword        |    96 |    15 ||   111
       Tailslap          |     2 |     1 ||     3
       Bite              |     1 |     2 ||     3
  Use: Potion            |     5 |     1 ||     6
       Scroll            |     3 |       ||     3
Armor: Scale mail        |    45 |     2 ||    47
Dodge: Dodged            |    45 |     6 ||    51
Block: Buckler           |    20 |     2 ||    22

Table legend: (Time is in decaauts)
 A = Elapsed time spent in this place.
 B = Non-inter-level travel time spent in this place.
 C = Inter-level travel time spent in this place.
 D = Time resting spent in this place.
 E = Time spent auto-exploring this place.
 F = Levels seen in this place.
 G = Mean time per level.
                   A        B        C        D        E       F      G
               +--------+--------+--------+--------+--------+-----+--------+
         Total |   2876 |   2838 |     38 |      0 |   2525 |   3 |  958.7 |
       Dungeon |   2876 |   2838 |     38 |      0 |   2525 |   3 |  958.7 |
               +--------+--------+--------+--------+--------+-----+--------+

Top non-repeatable levels by time:
     D:2: 1285 daAuts
     D:1: 1133 daAuts
     D:3: 457 daAuts
